 Dungeon Crawl Stone Soup version 0.28-a0-1510-gd0f6b136d3 (webtiles) character file.

Game seed: 13364252486561663087

32 siradein the Insei (level 3, -2/27 HPs)
             Began as a Djinni Transmuter on Jan 14, 2022.
             Slain by a ball python (3 damage)
             ... on level 1 of the Dungeon.
             The game lasted 00:02:27 (1440 turns).

siradein the Insei (Djinni Transmuter)              Turns: 1440, Time: 00:02:28

Health: -2/27      AC:  2    Str:  9    XL:     3   Next: 42%
Gold:   36         EV:  9    Int: 16    God:
                   SH:  0    Dex: 13

rFire   + + .      SeeInvis .   b - +2 spear (flame)
rCold   x . .      Faith    .   (no shield)
rNeg    . . .      Spirit   .   a - +0 robe
rPois   ∞          Reflect  .   (no helmet)
rElec   .          Harm     .   (no cloak)
rCorr   .          Rampage  .   (no gloves)
Will    .....                   (boots unavailable)
Stlth   +.........              (no amulet)
HPRegen 0.09/turn               (no ring)
MPRegen 0.00/turn               (no ring)

@: flying, constricted
A: sickness immunity, fire resistance 2, cold vulnerability 1, float, innate
caster, hp casting, extra vitality 1
a: no special abilities


You were on level 1 of the Dungeon.
You visited 1 branch of the dungeon, and saw 1 of its levels.

You collected 36 gold pieces.

Inventory:

Hand Weapons
 b - a +2 spear of flaming (weapon)
Armour
 a - a +0 robe (worn)
Scrolls
 c - a scroll of vulnerability {unknown}
 d - a scroll of teleportation {unknown}
 e - a scroll of identify {unknown}
Potions
 f - a potion of resistance {unknown}


   Skills:
 + Level 1.5 Fighting
 + Level 2.6 Dodging
 + Level 3.2 Unarmed Combat
 * Level 2.1 Spellcasting


You couldn't memorise any spells.
You knew the following spells:

 Your Spells              Type           Power      Damage    Failure   Level
a - Beastly Appendage     Tmut           16%        N/A       9%          1
b - Wereblood             Tmut           8%         N/A       13%         2
c - Spider Form           Tmut/Pois      8%         N/A       26%         3
d - Ice Form              Ice/Tmut       8%         N/A       63%         4
e - Slow                  Hex            32%        N/A       9%          1
Your spell library was empty.

Dungeon Overview and Level Annotations

Branches:
Dungeon (1/15)

Altars:


Innate Abilities, Weirdness & Mutations

You are immune to sickness and miasma.
You are immune to poison.
Your flesh is very heat resistant. (rF++)
You are vulnerable to cold. (rC-)
You float through the air rather than walking.
You learn spells naturally, not from books.
Your magical power is your life essence.
You have superior vitality. (+4 MHP)


Message History

* * * LOW HITPOINT WARNING * * *
Your transformation is almost over.
The ball python bites you but does no damage.
The ball python barely misses you.
Really fly into that dispersal trap? [Y]es or [N]o only, please.
Really fly into that dispersal trap?
You enter a dispersal trap!
The ball python blinks! x2; The kobold blinks!
The ball python blinks!
You blink.
The ball python bites you.
* * * LOW HITPOINT WARNING * * *
The ball python grabs you. The ball python constricts you.
You escape the ball python's grasp.
The ball python enters a dispersal trap!
The kobold blinks!
The ball python blinks!
The kobold blinks!
You blink.
The ball python closely misses you. The ball python grabs you.
The ball python constricts you.
* * * LOW HITPOINT WARNING * * *
You escape the ball python's grasp.
The kobold throws a stone.
The stone closely misses you.
Your horns disappear.
The ball python bites you.
* * * LOW HITPOINT WARNING * * *
The ball python grabs you. The ball python constricts you.
You escape the ball python's grasp.
The ball python closely misses you. x2
The ball python bites you.
* * * LOW HITPOINT WARNING * * *
The ball python closely misses you. The ball python closely misses you. x2
The ball python bites you but does no damage.
The ball python grabs you. The ball python constricts you.
* * * LOW HITPOINT WARNING * * *
You escape the ball python's grasp.
The ball python bites you.
* * * LOW HITPOINT WARNING * * *
The ball python grabs you. The ball python constricts you.
The ball python's grasp on you weakens, but your attempt to escape fails.
The ball python bites you.
You die...

.# #.# #..#.# #..# .#
###.###..#.. #..#
.####........#..# #..#
.............#..# #..#
..###.#####..#..# #..###
..###.#####).#..#######....#
.............#......^....#.#
..###.#####..#.......K.....#
..# #.# #..#).@SS######..#
..# #.# #.......###..##..#
..# #.# #..##..###...)...#
..# #.. .....##..##...#...##
..# #######.###..#... ##.K#
..# #. #..#..## ##.# ..
##.##..## #.# ###
#.##...###.# #..........#


You could see 2 ball pythons and a kobold.

Vanquished Creatures
  3 endoplasms (D:1)
  4 giant cockroaches (D:1)
  4 goblins (D:1)
  3 quokkas (D:1)
  3 ball pythons (D:1)
  2 bats (D:1)
  2 frilled lizards (D:1)
  4 kobolds (D:1)
  5 rats (D:1)
30 creatures vanquished.

Notes
Turn   | Place    | Note
-------+----------+-------------------------------------------
     0 | D:1      | siradein the Djinni Transmuter began the quest for the Orb.
     0 | D:1      | Reached XP level 1. HP: 17/17 MP: 0/0
   458 | D:1      | Reached XP level 2. HP: 21/22 MP: 0/0
   973 | D:1      | Reached XP level 3. HP: 27/27 MP: 0/0
   973 | D:1      | Learned a level 1 spell: Slow
  1420 | D:1      | HP: 1/27 [ball python (1)]
  1430 | D:1      | HP: 1/27 [constriction (1)]
  1439 | D:1      | HP: 1/27 [ball python (1)]
  1440 | D:1      | Slain by a ball python

Illustrated notes

Levels and vault maps discovered:
D:1:      lemuel_arrival_tunnels, layout_basic, minmay_cupped

Skill      XL: |  1  2 |
---------------+-------+-----
Spellcasting   | 2 |  2.1
Fighting       | |  1.5
Dodging        | |  2.6
Unarmed Combat | |  3.2

Action                   || total
-------------------------++-------
Melee: Spear             ||    57
       Headbutt          ||     5
       Unarmed           ||     1
 Cast: Beastly Appendage ||    21
 Stab: Sleeping          ||     2
Armor: Robe              ||     5
Dodge: Dodged            ||    34

Table legend: (Time is in decaauts)
 A = Elapsed time spent in this place.
 B = Non-inter-level travel time spent in this place.
 C = Inter-level travel time spent in this place.
 D = Time resting spent in this place.
 E = Time spent auto-exploring this place.
 F = Levels seen in this place.
 G = Mean time per level.
                   A        B        C        D        E       F      G
               +--------+--------+--------+--------+--------+-----+--------+
         Total |   1445 |   1445 |      0 |      0 |   1217 |   1 | 1445.0 |
       Dungeon |   1445 |   1445 |      0 |      0 |   1217 |   1 | 1445.0 |
               +--------+--------+--------+--------+--------+-----+--------+

Top non-repeatable levels by time:
     D:1: 1445 daAuts
